AoeStats
← El Sullan

Arena

509976003Analyzed
1v1 RM · 5d ago on Sep 28, 2026· 54m 56s· 2 players
Game mode
Random Map
Map size
Tiny (2 player)
Population
200
Speed
Normal
Resources
Standard
Victory
Conquest
Starting age
Dark Age
Ending age
Imperial Age
RankedLock teamsTeams togetherTeam positionsShared explorationLock speedFull tech treeHidden civsTurbo modeCheats
Victory
Defeat
🇮🇳 Britons · India
669
+16
🇳🇱 Varangians · Netherlands
675
-16
Kaushil
10:13 Feudal Age
11:00 Double-Bit Axe
14:44 Castle Age
14:11 Loom
14:19 Town Watch
16:48 Bow Saw
16:20 Horse Collar
28:02 Wheelbarrow
27:40 Gold Mining
27:40 Stone Mining
30:15 Ballistics
29:51 Murder Holes
29:37 Treadmill Crane
31:04 Devotion
31:44 Hand Cart
36:22 Imperial Age
33:53 Fletching
34:03 Padded Archer Armor
35:25 Bodkin Arrow
35:45 Leather Archer Armor
36:14 Masonry
37:12 Bracer
37:43 Ring Archer Armor
38:16 Chemistry
38:26 Hoardings
37:43 Elite Longbowman
39:50 Conscription
40:27 Architecture
40:59 Onager
42:24 Warwolf
42:46 Conscription
50:57 Pikeman
51:37 Squires
51:50 Scale Barding Armor
51:48 Scale Mail Armor
51:58 Forging
52:57 Chain Mail Armor
54:19 Iron Casting
53:59 Arson
54:12 Halberdier
El Sullan
11:19 Feudal Age
11:28 Loom
16:21 Castle Age
14:35 Double-Bit Axe
15:04 Gold Mining
17:13 Bow Saw
17:08 Stone Mining
18:01 Horse Collar
20:19 Wheelbarrow
25:00 Hand Cart
26:33 Heavy Plow
27:16 Town Watch
27:23 Town Watch
32:05 Imperial Age
33:31 Bloodlines
33:22 Husbandry
33:24 Onager
34:11 Light Cavalry
36:43 Hussar
43:35 Forging
43:26 Scale Mail Armor
43:35 Scale Barding Armor
45:18 Chain Barding Armor
48:09 Plate Barding Armor
51:23 Forging
53:59 Elite Skirmisher
Connection lost

Rejoining the realm…

Still unreachable

The connection could not be restored.

Session expired

The server has moved on; the page needs a fresh start.